Penguins vs Flyers

Created - 5 février 2018 at 19:32

Goals
1 2 3 T
Penguins 0 1 0 1
Flyers 2 1 0 3
Shots
1 2 3 T
Penguins 18 19 6 43
Flyers 6 9 15 30

1st period

1. Flyers , Scott Hartnell 11 (Bo Horvat 25, Troy Stecher 12) at 2:11 (PP)
2. Flyers , Kyle Brodziak 4 (Ben Hutton 7, Matt Benning 4) at 3:39

Penalties :
David Savard (PIT) for Hooking (Minor) at 2:03, Jonathan Ericsson (PHI) for Tripping (Minor) at 13:22

2nd period

3. Flyers , Thomas Vanek 16 (Scott Hartnell 17, Bo Horvat 26) at 0:04
4. Penguins , Phil Kessel 13 (Ryan Ellis 28) at 6:52

Penalties :
Ben Hutton (PHI) for Slashing (Minor) at 2:55

3rd period

No Goal

Penalties :
David Savard (PIT) for Tripping (Minor) at 9:41, Steve Mason (PHI) for Slashing (Minor) at 13:22 - Alexander Killorn served the penalty.

Goalie Stats

Ben Bishop (PIT), 27 saves from 30 shots - (0.900), L, 36-7-4, 60:00 minutes
Steve Mason (PHI), 42 saves from 43 shots - (0.977), W, 17-24-4, 60:00 minutes

Players Stats for Penguins

Player Name              G  A  P  +/- PIM S  H  SB GA TA FO     MP     PP MP  PK MP  
------------------------------------------------------------------------------------
Adrian Kempe             0  0  0  -1  0   0  0  0  0  0  0/0     8:18   0:00   0:00 
Alexander Wennberg       0  0  0   0  0   0  0  0  0  0  0/0    15:37   2:54   0:00 
Christian Dvorak         0  0  0   0  0   1  0  0  0  0  0/1    14:28   0:00   1:45 
David Savard             0  0  0   0  4   0  5  2  0  0  0/0    22:36   3:03   0:00 
Evgeni Malkin            0  0  0   1  0   6  2  0  0  0  13/26  19:09   2:54   0:04 
Luke Glendening          0  0  0  -1  0   1  1  0  0  0  0/0     8:18   0:00   0:00 
Mark Barberio            0  0  0   0  0   0  1  0  0  0  0/0    12:44   0:00   0:00 
Mark Giordano            0  0  0  -1  0   4  3  0  0  0  0/0    23:55   2:54   1:24 
Nathan MacKinnon         0  0  0  -1  0   5  0  0  0  0  13/27  18:05   3:03   0:18 
Nikita Kucherov          0  0  0   1  0   3  1  0  0  0  1/2    19:23   2:54   0:18 
Olli Maatta              0  0  0   0  0   0  0  2  0  0  0/0    14:08   0:00   1:24 
Phil Kessel              1  0  1   1  0   3  1  0  0  0  0/0    19:14   3:03   0:00 
Ryan Ellis               0  1  1   0  0   3  3  1  0  0  0/0    23:10   3:03   0:43 
Ryan Suter               0  0  0  -1  0   3  0  0  0  0  0/0    23:25   2:54   0:43 
Sebastian Aho            0  0  0  -1  0   3  2  0  0  0  0/0    14:44   0:00   0:00 
Tim Schaller             0  0  0  -1  0   1  0  0  0  0  5/8     8:18   0:00   0:00 
Tyler Johnson            0  0  0   0  0   0  1  0  0  0  11/17  12:43   0:00   0:00 
Vladimir Tarasenko       0  0  0  -1  0   10 3  0  0  0  2/10   19:36   3:03   1:49 

Players Stats for Flyers

Player Name              G  A  P  +/- PIM S  H  SB GA TA FO     MP     PP MP  PK MP  
------------------------------------------------------------------------------------
Alexander Killorn        0  0  0   0  0   2  1  0  0  0  6/14   14:54   0:00   0:39 
Andre Burakovsky         0  0  0   0  0   2  2  0  0  0  3/3    15:36   0:53   0:28 
Andrew MacDonald         0  0  0  -1  0   0  1  1  0  0  0/0    18:01   0:00   1:25 
Ben Hutton               0  1  1   1  2   2  0  0  0  0  0/0    18:47   0:00   1:39 
Bo Horvat                0  2  2   0  0   4  0  0  0  0  11/26  18:26   1:14   0:01 
Calle Jarnkrok           0  0  0   0  0   2  1  0  0  0  3/5    15:00   0:53   2:06 
Casey Cizikas            0  0  0   0  0   3  1  0  0  0  8/15   16:42   0:53   3:48 
Damon Severson           0  0  0   1  0   0  1  0  0  0  0/0    23:12   1:35   2:43 
Joel Ward                0  0  0   0  0   1  0  0  0  0  4/4    13:23   0:00   1:22 
Jonathan Ericsson        0  0  0   1  2   1  3  6  0  0  0/0    21:22   0:32   2:40 
Jori Lehtera             0  0  0   0  0   2  0  0  0  0  4/8     8:59   0:00   0:00 
Josh Ho-Sang             0  0  0   0  0   0  0  0  0  0  0/0    14:15   0:00   0:00 
Kyle Brodziak            1  0  1   1  0   2  1  0  0  0  6/8    11:59   0:00   3:30 
Matt Benning             0  1  1   1  0   1  5  1  0  0  0/0    20:25   0:32   3:27 
Riley Sheahan            0  0  0   0  0   2  0  0  0  0  0/0     8:59   0:00   0:00 
Scott Hartnell           1  1  2   1  0   1  3  0  0  0  1/4    17:55   1:14   0:00 
Thomas Vanek             1  0  1   1  0   5  0  0  0  0  0/4    17:55   1:14   0:00 
Troy Stecher             0  1  1  -1  0   0  2  0  0  0  0/0    18:11   1:35   0:00 

3 Stars

1 - Steve Mason (PHI)
2 - Scott Hartnell (PHI)
3 - Matt Benning (PHI)

Power Play

Penguins - 0 on 3 Attempt(s) - 0.00%
Flyers - 1 on 2 Attempt(s) - 50.00%

Penalty Kill

Penguins - 1 on 2 Attempt(s) - 50.00% - Score 0 goal in Penalty Kill
Flyers - 3 on 3 Attempt(s) - 100.00% - Score 0 goal in Penalty Kill

Team Stat

Penguins - Hits : 23 - Faceoff Wins : 45 - Blocked Shots : 5 - Penalty Minutes : 4
Flyers - Hits : 21 - Faceoff Wins : 46 - Blocked Shots : 8 - Penalty Minutes : 6

Official

Referees : Garrett Rank and Dan O'Rourke
Linesman : Derek Amell and Steve Miller

Game Notes

No Game Note

Finance

Level 1 -- Attendance: 6274 (96.52%) -- Ticket Income 690 140 $
Level 2 -- Attendance: 4626 (92.52%) -- Ticket Income 379 332 $
Level 3 -- Attendance: 3048 (87.09%) -- Ticket Income 192 024 $
Level 4 -- Attendance: 3180 (89.91%) -- Ticket Income 63 600 $
Luxury Box -- Attendance: 921 (92.10%) -- Ticket Income 207 225 $
Game was played at the Wells Fargo Center.
Total Attendance: 18049 (92.38%)
Total Ticket Income: 1 532 321 $
Other Income: 229 848 $
Total Income: 1 762 169 $

% Time on Ice - Penguins

Lines # - Real PCT - Wanted PCT - Time Play
Normal Forward
1 - 31% - 32% - 16:11
2 - 28% - 32% - 14:44
3 - 24% - 26% - 12:43
4 - 16% - 10% - 8:18
Normal Defense
1 - 38% - 41% - 19:37
2 - 37% - 41% - 19:24
3 - 25% - 18% - 12:44
4 - 0% - 0% - 0:11
PP Forward
1 - 49% - 60% - 2:54
2 - 51% - 40% - 3:03
PP Defense
1 - 49% - 60% - 2:54
2 - 51% - 40% - 3:03
PK Forward
1 - 86% - 60% - 1:49
2 - 14% - 40% - 0:18
PK Defense
1 - 66% - 60% - 1:24
2 - 34% - 40% - 0:43
PK3 Forward
1 - 0% - 60%
2 - 0% - 40%
PK3 Defense
1 - 0% - 60%
2 - 0% - 40%
44 Forward
1 - 0% - 60%
2 - 0% - 40%
44 Defense
1 - 0% - 60%
2 - 0% - 40%
Last Minute Offensive  - 0:00
Last Minute Defensive  - 0:00
Total
Forward - 60:00
Defense - 60:00

% Time on Ice - Flyers

Lines # - Real PCT - Wanted PCT - Time Play
Normal Forward
1 - 32% - 35% - 16:41
2 - 27% - 30% - 14:15
3 - 23% - 23% - 12:01
4 - 17% - 12% - 8:59
Normal Defense
1 - 36% - 42% - 18:54
2 - 32% - 34% - 16:26
3 - 32% - 24% - 16:36
4 - 0% - 0% - 0:00
PP Forward
1 - 58% - 60% - 1:14
2 - 42% - 40% - 0:53
PP Defense
1 - 75% - 60% - 1:35
2 - 25% - 40% - 0:32
PK Forward
1 - 77% - 60% - 4:35
2 - 23% - 40% - 1:22
PK Defense
1 - 54% - 50% - 3:13
2 - 46% - 50% - 2:44
PK3 Forward
1 - 0% - 60%
2 - 0% - 40%
PK3 Defense
1 - 0% - 60%
2 - 0% - 40%
44 Forward
1 - 0% - 60%
2 - 0% - 40%
44 Defense
1 - 0% - 60%
2 - 0% - 40%
Last Minute Offensive  - 0:00
Last Minute Defensive  - 0:00
Total
Forward - 60:00
Defense - 60:00

Play by Play

1st period


0:01 of 1st period - Bo Horvat wins face-off versus Evgeni Malkin in neutral zone.
0:08 of 1st period - Shot by Evgeni Malkin.
0:08 of 1st period - Shot Misses the Net.
0:12 of 1st period - Shot by Phil Kessel.
0:12 of 1st period - Shot Blocked by Jonathan Ericsson.
0:14 of 1st period - Shot by Mark Giordano.
0:14 of 1st period - Shot Misses the Net.
0:16 of 1st period - Shot by Mark Giordano.
0:16 of 1st period - Shot Hit the Post.
0:22 of 1st period - Shot by Evgeni Malkin.
0:22 of 1st period - Stopped by Steve Mason without a rebound.
0:23 of 1st period - Nathan MacKinnon wins face-off versus Alexander Killorn in Flyers zone.
0:30 of 1st period - Shot by Sebastian Aho.
0:30 of 1st period - Shot Misses the Net.
0:32 of 1st period - Shot by Ryan Ellis.
0:32 of 1st period - Stopped by Steve Mason without a rebound.
0:33 of 1st period - Tyler Johnson wins face-off versus Casey Cizikas in Flyers zone.
1:47 of 1st period - Alexander Killorn is hit by Sebastian Aho and loses puck.
1:52 of 1st period - Shot by Vladimir Tarasenko.
1:52 of 1st period - Stopped by Steve Mason with a rebound.
2:03 of 1st period - Minor Penalty to David Savard for Hooking.
2:04 of 1st period - Bo Horvat wins face-off versus Vladimir Tarasenko in Penguins zone.
2:05 of 1st period - Shot by Thomas Vanek.
2:05 of 1st period - Stopped by Ben Bishop without a rebound.
2:06 of 1st period - Bo Horvat wins face-off versus Vladimir Tarasenko in Penguins zone.
2:11 of 1st period - Shot by Bo Horvat.
2:11 of 1st period - Deflect By Scott Hartnell.
2:11 of 1st period - Goal by Scott Hartnell - Penguins : 0 - Flyers : 1.
2:12 of 1st period - Evgeni Malkin wins face-off versus Bo Horvat in neutral zone.
2:24 of 1st period - Shot by Nikita Kucherov.
2:24 of 1st period - Shot Misses the Net.
2:46 of 1st period - Shot by Evgeni Malkin.
2:46 of 1st period - Shot Misses the Net.
3:01 of 1st period - Icing by Bo Horvat.
3:02 of 1st period - Tim Schaller wins face-off versus Bo Horvat in Flyers zone.
3:24 of 1st period - Riley Sheahan is hit by Ryan Ellis and loses puck.
3:39 of 1st period - Shot by Kyle Brodziak.
3:39 of 1st period - Goal by Kyle Brodziak - Penguins : 0 - Flyers : 2.
3:40 of 1st period - Casey Cizikas wins face-off versus Nathan MacKinnon in neutral zone.
4:01 of 1st period - Shot by Vladimir Tarasenko.
4:01 of 1st period - Stopped by Steve Mason without a rebound.
4:02 of 1st period - Tyler Johnson wins face-off versus Alexander Killorn in Flyers zone.
4:31 of 1st period - Icing by Ben Hutton.
4:32 of 1st period - Alexander Killorn wins face-off versus Evgeni Malkin in Flyers zone.
4:32 of 1st period - Josh Ho-Sang is hit by Evgeni Malkin and loses puck.
5:13 of 1st period - Icing by Ryan Ellis.
5:14 of 1st period - Jori Lehtera wins face-off versus Evgeni Malkin in Penguins zone.
5:29 of 1st period - Shot by Jori Lehtera.
5:29 of 1st period - Shot Misses the Net.
6:31 of 1st period - Shot by Thomas Vanek.
6:31 of 1st period - Stopped by Ben Bishop without a rebound.
6:32 of 1st period - Casey Cizikas wins face-off versus Tyler Johnson in Penguins zone.
6:35 of 1st period - Shot by Joel Ward.
6:35 of 1st period - Shot Misses the Net.
6:37 of 1st period - Shot by Calle Jarnkrok.
6:37 of 1st period - Stopped by Ben Bishop without a rebound.
6:38 of 1st period - Casey Cizikas wins face-off versus Christian Dvorak in Penguins zone.
7:07 of 1st period - Shot by Christian Dvorak.
7:07 of 1st period - Stopped by Steve Mason without a rebound.
7:08 of 1st period - Bo Horvat wins face-off versus Vladimir Tarasenko in Flyers zone.
8:16 of 1st period - Tim Schaller is hit by Damon Severson and loses puck.
9:06 of 1st period - Shot by Casey Cizikas.
9:06 of 1st period - Shot Misses the Net.
9:13 of 1st period - Ryan Ellis is hit by Andrew MacDonald and loses puck.
9:44 of 1st period - Tyler Johnson is hit by Calle Jarnkrok and loses puck.
9:56 of 1st period - Alexander Wennberg is hit by Matt Benning and loses puck.
10:05 of 1st period - Shot by Kyle Brodziak.
10:05 of 1st period - Shot Misses the Net.
10:07 of 1st period - Shot by Ben Hutton.
10:07 of 1st period - Deflect By Kyle Brodziak.
10:07 of 1st period - Shot Blocked by Olli Maatta.
10:22 of 1st period - Icing by Alexander Wennberg.
10:23 of 1st period - Bo Horvat wins face-off versus Tyler Johnson in Penguins zone.
10:23 of 1st period - Scott Hartnell is hit by Mark Barberio and loses puck.
10:27 of 1st period - Icing by Olli Maatta.
10:28 of 1st period - Tyler Johnson wins face-off versus Bo Horvat in Penguins zone.
10:38 of 1st period - Icing by Jonathan Ericsson.
10:39 of 1st period - Evgeni Malkin wins face-off versus Bo Horvat in Flyers zone.
10:39 of 1st period - Mark Giordano is hit by Jonathan Ericsson and loses puck.
10:44 of 1st period - Shot by Evgeni Malkin.
10:44 of 1st period - Stopped by Steve Mason with a rebound.
10:52 of 1st period - Shot by Phil Kessel.
10:52 of 1st period - Shot Misses the Net.
11:02 of 1st period - Shot by Phil Kessel.
11:02 of 1st period - Shot Misses the Net.
11:04 of 1st period - Shot by Nikita Kucherov.
11:04 of 1st period - Deflect By Evgeni Malkin.
11:04 of 1st period - Shot Misses the Net.
11:06 of 1st period - Shot by Nikita Kucherov.
11:06 of 1st period - Shot Misses the Net.
11:08 of 1st period - Shot by Mark Giordano.
11:08 of 1st period - Shot Blocked by Jonathan Ericsson.
11:16 of 1st period - Shot by Evgeni Malkin.
11:16 of 1st period - Stopped by Steve Mason with a rebound.
11:18 of 1st period - Shot by Ryan Suter.
11:18 of 1st period - Stopped by Steve Mason without a rebound.
11:19 of 1st period - Alexander Killorn wins face-off versus Nathan MacKinnon in Flyers zone.
11:47 of 1st period - Shot by Vladimir Tarasenko.
11:47 of 1st period - Stopped by Steve Mason without a rebound.
11:48 of 1st period - Jori Lehtera wins face-off versus Tim Schaller in Flyers zone.
11:55 of 1st period - Andrew MacDonald is hit by Luke Glendening and loses puck.
12:42 of 1st period - Shot by Phil Kessel.
12:42 of 1st period - Deflect By Evgeni Malkin.
12:42 of 1st period - Shot Misses the Net.
12:49 of 1st period - Nikita Kucherov is hit by Troy Stecher and loses puck.
12:58 of 1st period - Shot by Nikita Kucherov.
12:58 of 1st period - Stopped by Steve Mason without a rebound.
12:59 of 1st period - Bo Horvat wins face-off versus Nathan MacKinnon in Flyers zone.
13:05 of 1st period - Shot by Nathan MacKinnon.
13:05 of 1st period - Stopped by Steve Mason without a rebound.
13:06 of 1st period - Nathan MacKinnon wins face-off versus Bo Horvat in Flyers zone.
13:07 of 1st period - Shot by Sebastian Aho.
13:07 of 1st period - Stopped by Steve Mason with a rebound.
13:22 of 1st period - Minor Penalty to Jonathan Ericsson for Tripping.
13:23 of 1st period - Alexander Killorn wins face-off versus Evgeni Malkin in Flyers zone.
13:42 of 1st period - Shot by Ryan Suter.
13:42 of 1st period - Stopped by Steve Mason without a rebound.
13:43 of 1st period - Kyle Brodziak wins face-off versus Nathan MacKinnon in Flyers zone.
13:53 of 1st period - Icing by Ryan Ellis.
13:54 of 1st period - Nathan MacKinnon wins face-off versus Kyle Brodziak in Penguins zone.
13:56 of 1st period - Icing by Vladimir Tarasenko.
13:57 of 1st period - Kyle Brodziak wins face-off versus Nathan MacKinnon in Penguins zone.
14:35 of 1st period - Shot by Nathan MacKinnon.
14:35 of 1st period - Stopped by Steve Mason with a rebound.
14:37 of 1st period - Shot by David Savard.
14:37 of 1st period - Shot Blocked by Matt Benning.
14:39 of 1st period - Shot by Nathan MacKinnon.
14:39 of 1st period - Stopped by Steve Mason with a rebound.
15:05 of 1st period - Shot by Nikita Kucherov.
15:05 of 1st period - Shot Misses the Net.
15:49 of 1st period - Shot by Alexander Killorn.
15:49 of 1st period - Stopped by Ben Bishop without a rebound.
15:50 of 1st period - Nathan MacKinnon wins face-off versus Bo Horvat in Penguins zone.
15:55 of 1st period - Jonathan Ericsson is hit by Sebastian Aho.
15:56 of 1st period - Icing by Jonathan Ericsson.
15:57 of 1st period - Tyler Johnson wins face-off versus Thomas Vanek in Flyers zone.
17:04 of 1st period - Evgeni Malkin is hit by Matt Benning and loses puck.
17:27 of 1st period - Shot by Nikita Kucherov.
17:27 of 1st period - Shot Misses the Net.
17:34 of 1st period - Icing by Matt Benning.
17:35 of 1st period - Andre Burakovsky wins face-off versus Nathan MacKinnon in Flyers zone.
17:35 of 1st period - Andre Burakovsky is hit by Vladimir Tarasenko.
17:44 of 1st period - Vladimir Tarasenko is hit by Matt Benning and loses puck.
17:53 of 1st period - Shot by Nathan MacKinnon.
17:53 of 1st period - Stopped by Steve Mason without a rebound.
17:54 of 1st period - Tim Schaller wins face-off versus Casey Cizikas in Flyers zone.
18:07 of 1st period - Shot by Luke Glendening.
18:07 of 1st period - Stopped by Steve Mason with a rebound.
18:11 of 1st period - Shot by Tim Schaller.
18:11 of 1st period - Stopped by Steve Mason without a rebound.
18:12 of 1st period - Nathan MacKinnon wins face-off versus Scott Hartnell in Flyers zone.
18:17 of 1st period - Icing by Damon Severson.
18:18 of 1st period - Nathan MacKinnon wins face-off versus Scott Hartnell in Flyers zone.
18:18 of 1st period - Nathan MacKinnon is hit by Jonathan Ericsson.
18:31 of 1st period - Icing by Jonathan Ericsson.
18:32 of 1st period - Scott Hartnell wins face-off versus Evgeni Malkin in Flyers zone.
18:50 of 1st period - Bo Horvat is hit by Ryan Ellis and loses puck.
18:53 of 1st period - Shot by Bo Horvat.
18:53 of 1st period - Shot Misses the Net.
Goals for this period are 0 for Penguins vs 2 for Flyers.
Shots for this period are 18 for Penguins vs 6 for Flyers.

2nd period


0:01 of 2nd period - Bo Horvat wins face-off versus Nathan MacKinnon in neutral zone.
0:04 of 2nd period - Shot by Thomas Vanek.
0:04 of 2nd period - Goal by Thomas Vanek - Penguins : 0 - Flyers : 3.
0:05 of 2nd period - Tyler Johnson wins face-off versus Scott Hartnell in neutral zone.
0:31 of 2nd period - Shot by Bo Horvat.
0:31 of 2nd period - Stopped by Ben Bishop without a rebound.
0:32 of 2nd period - Nathan MacKinnon wins face-off versus Alexander Killorn in Penguins zone.
0:37 of 2nd period - Shot by Sebastian Aho.
0:37 of 2nd period - Stopped by Steve Mason with a rebound.
0:41 of 2nd period - Shot by Vladimir Tarasenko.
0:41 of 2nd period - Stopped by Steve Mason without a rebound.
0:42 of 2nd period - Casey Cizikas wins face-off versus Evgeni Malkin in Flyers zone.
0:42 of 2nd period - Casey Cizikas is hit by Nikita Kucherov.
0:49 of 2nd period - Off-side.
0:50 of 2nd period - Alexander Killorn wins face-off versus Nathan MacKinnon in neutral zone.
0:52 of 2nd period - Off-side.
0:53 of 2nd period - Alexander Killorn wins face-off versus Nathan MacKinnon in neutral zone.
1:13 of 2nd period - Alexander Killorn is hit by David Savard and loses puck.
1:28 of 2nd period - Shot by Vladimir Tarasenko.
1:28 of 2nd period - Stopped by Steve Mason without a rebound.
1:29 of 2nd period - Bo Horvat wins face-off versus Evgeni Malkin in Flyers zone.
1:42 of 2nd period - Shot by Thomas Vanek.
1:42 of 2nd period - Stopped by Ben Bishop without a rebound.
1:43 of 2nd period - Tyler Johnson wins face-off versus Casey Cizikas in Penguins zone.
2:18 of 2nd period - Casey Cizikas is hit by Tyler Johnson and loses puck.
2:37 of 2nd period - Shot by Nikita Kucherov.
2:37 of 2nd period - Stopped by Steve Mason without a rebound.
2:38 of 2nd period - Nathan MacKinnon wins face-off versus Bo Horvat in Flyers zone.
2:47 of 2nd period - Shot by Vladimir Tarasenko.
2:47 of 2nd period - Stopped by Steve Mason without a rebound.
2:48 of 2nd period - Evgeni Malkin wins face-off versus Alexander Killorn in Flyers zone.
2:55 of 2nd period - Shot by Evgeni Malkin.
2:55 of 2nd period - Stopped by Steve Mason without a rebound.
2:55 of 2nd period - Minor Penalty to Ben Hutton for Slashing.
2:56 of 2nd period - Evgeni Malkin wins face-off versus Kyle Brodziak in Flyers zone.
3:15 of 2nd period - Shot by Mark Giordano.
3:15 of 2nd period - Stopped by Steve Mason without a rebound.
3:16 of 2nd period - Kyle Brodziak wins face-off versus Nathan MacKinnon in Flyers zone.
3:16 of 2nd period - Kyle Brodziak is hit by Vladimir Tarasenko.
3:34 of 2nd period - Shot by Ryan Ellis.
3:34 of 2nd period - Stopped by Steve Mason without a rebound.
3:35 of 2nd period - Evgeni Malkin wins face-off versus Calle Jarnkrok in Flyers zone.
3:36 of 2nd period - Shot by Ryan Suter.
3:36 of 2nd period - Stopped by Steve Mason without a rebound.
3:37 of 2nd period - Kyle Brodziak wins face-off versus Evgeni Malkin in Flyers zone.
3:42 of 2nd period - Ryan Suter is hit by Kyle Brodziak and loses puck.
5:37 of 2nd period - Shot by Vladimir Tarasenko.
5:37 of 2nd period - Shot Blocked by Andrew MacDonald.
5:39 of 2nd period - Shot by Sebastian Aho.
5:39 of 2nd period - Stopped by Steve Mason without a rebound.
5:40 of 2nd period - Nathan MacKinnon wins face-off versus Alexander Killorn in Flyers zone.
6:12 of 2nd period - Andre Burakovsky is hit by Mark Giordano and loses puck.
6:52 of 2nd period - Shot by Phil Kessel.
6:52 of 2nd period - Goal by Phil Kessel - Penguins : 1 - Flyers : 3.
6:53 of 2nd period - Tyler Johnson wins face-off versus Casey Cizikas in neutral zone.
7:39 of 2nd period - Ryan Ellis is hit by Casey Cizikas and loses puck.
8:58 of 2nd period - Shot by Vladimir Tarasenko.
8:58 of 2nd period - Shot Misses the Net.
9:05 of 2nd period - Andre Burakovsky is hit by Mark Giordano and loses puck.
9:20 of 2nd period - Shot by Vladimir Tarasenko.
9:20 of 2nd period - Shot Misses the Net.
9:25 of 2nd period - Icing by Scott Hartnell.
9:26 of 2nd period - Tyler Johnson wins face-off versus Thomas Vanek in Flyers zone.
9:29 of 2nd period - Shot by Alexander Wennberg.
9:29 of 2nd period - Shot Misses the Net.
10:12 of 2nd period - Shot by Jori Lehtera.
10:12 of 2nd period - Deflect By Riley Sheahan.
10:12 of 2nd period - Stopped by Ben Bishop without a rebound.
10:13 of 2nd period - Joel Ward wins face-off versus Tim Schaller in Penguins zone.
10:21 of 2nd period - Off-side.
10:22 of 2nd period - Alexander Killorn wins face-off versus Evgeni Malkin in neutral zone.
10:45 of 2nd period - Shot by Ryan Ellis.
10:45 of 2nd period - Stopped by Steve Mason without a rebound.
10:46 of 2nd period - Bo Horvat wins face-off versus Vladimir Tarasenko in Flyers zone.
10:51 of 2nd period - Sebastian Aho is hit by Scott Hartnell and loses puck.
11:00 of 2nd period - Shot by Sebastian Aho.
11:00 of 2nd period - Deflect By Vladimir Tarasenko.
11:00 of 2nd period - Stopped by Steve Mason without a rebound.
11:01 of 2nd period - Casey Cizikas wins face-off versus Nikita Kucherov in Flyers zone.
11:38 of 2nd period - Shot by Evgeni Malkin.
11:38 of 2nd period - Stopped by Steve Mason without a rebound.
11:39 of 2nd period - Nathan MacKinnon wins face-off versus Bo Horvat in Flyers zone.
11:52 of 2nd period - Shot by Scott Hartnell.
11:52 of 2nd period - Shot Misses the Net.
11:54 of 2nd period - Shot by Bo Horvat.
11:54 of 2nd period - Stopped by Ben Bishop with a rebound.
11:56 of 2nd period - Shot by Jonathan Ericsson.
11:56 of 2nd period - Shot Hit the Post.
12:13 of 2nd period - Shot by Thomas Vanek.
12:13 of 2nd period - Shot Misses the Net.
13:18 of 2nd period - Shot by Christian Dvorak.
13:18 of 2nd period - Shot Misses the Net.
13:44 of 2nd period - Shot by Calle Jarnkrok.
13:44 of 2nd period - Shot Misses the Net.
13:46 of 2nd period - Shot by Matt Benning.
13:46 of 2nd period - Stopped by Ben Bishop with a rebound.
14:22 of 2nd period - Shot by Evgeni Malkin.
14:22 of 2nd period - Deflect By Nikita Kucherov.
14:22 of 2nd period - Stopped by Steve Mason without a rebound.
14:23 of 2nd period - Tim Schaller wins face-off versus Bo Horvat in Flyers zone.
14:26 of 2nd period - Shot by Tim Schaller.
14:26 of 2nd period - Deflect By Adrian Kempe.
14:26 of 2nd period - Shot Misses the Net.
14:35 of 2nd period - Icing by Jonathan Ericsson.
14:36 of 2nd period - Bo Horvat wins face-off versus Vladimir Tarasenko in Flyers zone.
14:54 of 2nd period - Shot by Nathan MacKinnon.
14:54 of 2nd period - Shot Blocked by Jonathan Ericsson.
14:56 of 2nd period - Shot by Mark Giordano.
14:56 of 2nd period - Shot Misses the Net.
15:02 of 2nd period - Shot by Nathan MacKinnon.
15:02 of 2nd period - Stopped by Steve Mason with a rebound.
15:04 of 2nd period - Shot by Mark Giordano.
15:04 of 2nd period - Stopped by Steve Mason without a rebound.
15:05 of 2nd period - Evgeni Malkin wins face-off versus Casey Cizikas in Flyers zone.
15:41 of 2nd period - Shot by Nikita Kucherov.
15:41 of 2nd period - Shot Misses the Net.
17:16 of 2nd period - Shot by Christian Dvorak.
17:16 of 2nd period - Shot Misses the Net.
17:56 of 2nd period - Ryan Suter is hit by Alexander Killorn and loses puck.
18:05 of 2nd period - Shot by Andre Burakovsky.
18:05 of 2nd period - Shot Misses the Net.
18:07 of 2nd period - Shot by Alexander Killorn.
18:07 of 2nd period - Shot Misses the Net.
18:09 of 2nd period - Shot by Ben Hutton.
18:09 of 2nd period - Stopped by Ben Bishop without a rebound.
18:10 of 2nd period - Joel Ward wins face-off versus Evgeni Malkin in Penguins zone.
18:33 of 2nd period - Shot by Calle Jarnkrok.
18:33 of 2nd period - Stopped by Ben Bishop without a rebound.
18:34 of 2nd period - Andre Burakovsky wins face-off versus Nathan MacKinnon in Penguins zone.
19:09 of 2nd period - Vladimir Tarasenko is hit by Matt Benning and loses puck.
19:12 of 2nd period - Shot by Vladimir Tarasenko.
19:12 of 2nd period - Stopped by Steve Mason without a rebound.
19:13 of 2nd period - Evgeni Malkin wins face-off versus Casey Cizikas in Flyers zone.
19:25 of 2nd period - Calle Jarnkrok is hit by Mark Giordano and loses puck.
19:32 of 2nd period - Shot by Phil Kessel.
19:32 of 2nd period - Stopped by Steve Mason without a rebound.
19:33 of 2nd period - Tyler Johnson wins face-off versus Jori Lehtera in Flyers zone.
19:46 of 2nd period - Shot by Jori Lehtera.
19:46 of 2nd period - Stopped by Ben Bishop without a rebound.
19:47 of 2nd period - Nikita Kucherov wins face-off versus Thomas Vanek in Penguins zone.
19:47 of 2nd period - Nikita Kucherov is hit by Scott Hartnell.
Goals for this period are 1 for Penguins vs 1 for Flyers.
Shots for this period are 19 for Penguins vs 9 for Flyers.

3rd period


0:01 of 3rd period - Evgeni Malkin wins face-off versus Bo Horvat in neutral zone.
0:15 of 3rd period - Evgeni Malkin is hit by Jonathan Ericsson and loses puck.
0:28 of 3rd period - Shot by Phil Kessel.
0:28 of 3rd period - Stopped by Steve Mason without a rebound.
0:29 of 3rd period - Nathan MacKinnon wins face-off versus Alexander Killorn in Flyers zone.
0:29 of 3rd period - Mark Giordano is hit by Matt Benning and loses puck.
0:54 of 3rd period - Off-side.
0:55 of 3rd period - Joel Ward wins face-off versus Tyler Johnson in neutral zone.
1:00 of 3rd period - Shot by Casey Cizikas.
1:00 of 3rd period - Stopped by Ben Bishop without a rebound.
1:01 of 3rd period - Tyler Johnson wins face-off versus Bo Horvat in Penguins zone.
1:07 of 3rd period - Bo Horvat is hit by David Savard and loses puck.
1:14 of 3rd period - Shot by Bo Horvat.
1:14 of 3rd period - Shot Blocked by Ryan Ellis.
1:16 of 3rd period - Shot by Bo Horvat.
1:16 of 3rd period - Shot Misses the Net.
1:18 of 3rd period - Shot by Scott Hartnell.
1:18 of 3rd period - Shot Misses the Net.
2:16 of 3rd period - Icing by Ryan Ellis.
2:17 of 3rd period - Casey Cizikas wins face-off versus Tyler Johnson in Penguins zone.
2:45 of 3rd period - Shot by Casey Cizikas.
2:45 of 3rd period - Stopped by Ben Bishop without a rebound.
2:46 of 3rd period - Nathan MacKinnon wins face-off versus Jori Lehtera in Penguins zone.
3:05 of 3rd period - Shot by Nathan MacKinnon.
3:05 of 3rd period - Shot Misses the Net.
3:07 of 3rd period - Shot by Vladimir Tarasenko.
3:07 of 3rd period - Stopped by Steve Mason without a rebound.
3:08 of 3rd period - Evgeni Malkin wins face-off versus Bo Horvat in Flyers zone.
3:16 of 3rd period - Bo Horvat is hit by Evgeni Malkin and loses puck.
3:20 of 3rd period - Off-side.
3:21 of 3rd period - Nathan MacKinnon wins face-off versus Alexander Killorn in neutral zone.
3:30 of 3rd period - Shot by Vladimir Tarasenko.
3:30 of 3rd period - Stopped by Steve Mason with a rebound.
3:43 of 3rd period - Shot by Alexander Killorn.
3:43 of 3rd period - Shot Misses the Net.
3:45 of 3rd period - Shot by Jonathan Ericsson.
3:45 of 3rd period - Stopped by Ben Bishop without a rebound.
3:46 of 3rd period - Evgeni Malkin wins face-off versus Thomas Vanek in Penguins zone.
3:53 of 3rd period - Shot by Thomas Vanek.
3:53 of 3rd period - Shot Blocked by Olli Maatta.
3:55 of 3rd period - Shot by Bo Horvat.
3:55 of 3rd period - Stopped by Ben Bishop without a rebound.
3:56 of 3rd period - Joel Ward wins face-off versus Tim Schaller in Penguins zone.
4:59 of 3rd period - Icing by Damon Severson.
5:00 of 3rd period - Evgeni Malkin wins face-off versus Bo Horvat in Flyers zone.
5:01 of 3rd period - Shot by Nikita Kucherov.
5:01 of 3rd period - Shot Misses the Net.
5:27 of 3rd period - Thomas Vanek is hit by Phil Kessel and loses puck.
6:04 of 3rd period - Shot by Andre Burakovsky.
6:04 of 3rd period - Stopped by Ben Bishop without a rebound.
6:05 of 3rd period - Casey Cizikas wins face-off versus Tyler Johnson in Penguins zone.
7:10 of 3rd period - Shot by Nathan MacKinnon.
7:10 of 3rd period - Shot Misses the Net.
7:24 of 3rd period - Shot by Jori Lehtera.
7:24 of 3rd period - Stopped by Ben Bishop without a rebound.
7:25 of 3rd period - Andre Burakovsky wins face-off versus Evgeni Malkin in Penguins zone.
7:28 of 3rd period - Shot by Alexander Killorn.
7:28 of 3rd period - Stopped by Ben Bishop without a rebound.
7:29 of 3rd period - Evgeni Malkin wins face-off versus Bo Horvat in Penguins zone.
7:29 of 3rd period - Evgeni Malkin is hit by Scott Hartnell.
7:45 of 3rd period - Shot by Thomas Vanek.
7:45 of 3rd period - Shot Blocked by David Savard.
8:40 of 3rd period - Shot by Josh Ho-Sang.
8:40 of 3rd period - Shot Misses the Net.
8:42 of 3rd period - Shot by Andre Burakovsky.
8:42 of 3rd period - Shot Misses the Net.
8:44 of 3rd period - Shot by Andre Burakovsky.
8:44 of 3rd period - Stopped by Ben Bishop without a rebound.
8:45 of 3rd period - Tyler Johnson wins face-off versus Jori Lehtera in Penguins zone.
8:54 of 3rd period - Shot by Kyle Brodziak.
8:54 of 3rd period - Stopped by Ben Bishop with a rebound.
9:00 of 3rd period - Shot by Riley Sheahan.
9:00 of 3rd period - Stopped by Ben Bishop without a rebound.
9:01 of 3rd period - Tim Schaller wins face-off versus Casey Cizikas in Penguins zone.
9:14 of 3rd period - Shot by Joel Ward.
9:14 of 3rd period - Shot Misses the Net.
9:16 of 3rd period - Shot by Casey Cizikas.
9:16 of 3rd period - Shot Misses the Net.
9:26 of 3rd period - Shot by Casey Cizikas.
9:26 of 3rd period - Stopped by Ben Bishop without a rebound.
9:27 of 3rd period - Bo Horvat wins face-off versus Evgeni Malkin in Penguins zone.
9:27 of 3rd period - Bo Horvat is hit by David Savard.
9:40 of 3rd period - Shot by Bo Horvat.
9:40 of 3rd period - Shot Misses the Net.
9:41 of 3rd period - Minor Penalty to David Savard for Tripping.
9:42 of 3rd period - Calle Jarnkrok wins face-off versus Vladimir Tarasenko in Penguins zone.
9:50 of 3rd period - Icing by Casey Cizikas.
9:51 of 3rd period - Calle Jarnkrok wins face-off versus Vladimir Tarasenko in Flyers zone.
10:01 of 3rd period - Icing by Andre Burakovsky.
10:02 of 3rd period - Vladimir Tarasenko wins face-off versus Calle Jarnkrok in Flyers zone.
10:03 of 3rd period - Shot by Mark Giordano.
10:03 of 3rd period - Shot Misses the Net.
11:06 of 3rd period - Shot by Bo Horvat.
11:06 of 3rd period - Stopped by Ben Bishop without a rebound.
11:07 of 3rd period - Vladimir Tarasenko wins face-off versus Bo Horvat in Penguins zone.
11:30 of 3rd period - Shot by Thomas Vanek.
11:30 of 3rd period - Stopped by Ben Bishop with a rebound.
11:51 of 3rd period - Icing by Riley Sheahan.
11:52 of 3rd period - Tim Schaller wins face-off versus Jori Lehtera in Flyers zone.
12:10 of 3rd period - Jori Lehtera is hit by David Savard and loses puck.
12:42 of 3rd period - Icing by Ryan Suter.
12:43 of 3rd period - Evgeni Malkin wins face-off versus Alexander Killorn in Penguins zone.
12:43 of 3rd period - Evgeni Malkin is hit by Andre Burakovsky.
12:48 of 3rd period - Mark Giordano is hit by Troy Stecher and loses puck.
13:22 of 3rd period - Shot by Evgeni Malkin.
13:22 of 3rd period - Stopped by Steve Mason without a rebound.
13:22 of 3rd period - Minor Penalty to Steve Mason for Slashing.
13:23 of 3rd period - Kyle Brodziak wins face-off versus Vladimir Tarasenko in Flyers zone.
13:46 of 3rd period - Shot by Vladimir Tarasenko.
13:46 of 3rd period - Shot Blocked by Jonathan Ericsson.
13:48 of 3rd period - Shot by David Savard.
13:48 of 3rd period - Shot Misses the Net.
13:50 of 3rd period - Shot by Nathan MacKinnon.
13:50 of 3rd period - Deflect By Vladimir Tarasenko.
13:50 of 3rd period - Shot Blocked by Jonathan Ericsson.
14:16 of 3rd period - Matt Benning is hit by Vladimir Tarasenko and loses puck.
14:24 of 3rd period - Icing by Ryan Ellis.
14:25 of 3rd period - Calle Jarnkrok wins face-off versus Nathan MacKinnon in Penguins zone.
15:16 of 3rd period - Shot by Mark Giordano.
15:16 of 3rd period - Stopped by Steve Mason without a rebound.
15:17 of 3rd period - Kyle Brodziak wins face-off versus Evgeni Malkin in Flyers zone.
15:26 of 3rd period - Shot by Troy Stecher.
15:26 of 3rd period - Shot Misses the Net.
16:18 of 3rd period - Shot by Tyler Johnson.
16:18 of 3rd period - Deflect By Christian Dvorak.
16:18 of 3rd period - Shot Blocked by Jonathan Ericsson.
16:20 of 3rd period - Shot by Mark Giordano.
16:20 of 3rd period - Stopped by Steve Mason without a rebound.
16:21 of 3rd period - Jori Lehtera wins face-off versus Nathan MacKinnon in Flyers zone.
16:30 of 3rd period - Shot by Ben Hutton.
16:30 of 3rd period - Stopped by Ben Bishop without a rebound.
16:31 of 3rd period - Casey Cizikas wins face-off versus Tyler Johnson in Penguins zone.
16:33 of 3rd period - Calle Jarnkrok is hit by Ryan Ellis and loses puck.
16:51 of 3rd period - Shot by Matt Benning.
16:51 of 3rd period - Shot Blocked by David Savard.
16:53 of 3rd period - Shot by Calle Jarnkrok.
16:53 of 3rd period - Deflect By Joel Ward.
16:53 of 3rd period - Stopped by Ben Bishop with a rebound.
17:00 of 3rd period - Casey Cizikas is hit by David Savard and loses puck.
18:39 of 3rd period - Phil Kessel is hit by Andre Burakovsky and loses puck.
19:58 of 3rd period - Icing by Riley Sheahan.
19:59 of 3rd period - Jori Lehtera wins face-off versus Nathan MacKinnon in Flyers zone.
Goals for this period are 0 for Penguins vs 0 for Flyers.
Shots for this period are 6 for Penguins vs 15 for Flyers.